 Dungeon Crawl Stone Soup version 0.30-a0-457-g4b7bca3bfa (webtiles) character file.

Game seed: 11666562658002203714

112 Adrian566 the Slasher (level 4, -5/33 HPs)
             Began as a Demonspawn Gladiator on Dec 12, 2022.
             Slain by an orc
             ... wielding a +2 falchion of holy wrath
              (6 damage)
             ... on level 3 of the Dungeon.
             The game lasted 00:02:15 (1599 turns).

Adrian566 the Slasher (Demonspawn Gladiator)        Turns: 1599, Time: 00:02:17

Health: -5/33      AC:  6    Str: 15    XL:     4   Next: 63%
Magic:  4/4        EV: 16    Int:  9    God:
Gold:   169        SH:  0    Dex: 16    Spells: 3/3 levels left

rFire   + . .      SeeInvis .    a - +0 long sword
rCold   . . .      Faith    .    (no shield)
rNeg    . . .      Spirit   .    b - +0 leather armour
rPois   .          Reflect  .    c - +0 helmet
rElec   .          Harm     .    (no cloak)
rCorr   .          Rampage  .    (no gloves)
Will    .....                    (no boots)
Stlth   +.........               (no amulet)
HPRegen 0.25/turn                m - ring of protection from fire
MPRegen 0.09/turn                q - +4 ring of evasion

@: no status effects
A: thin metallic scales 1, ignite blood 1
a: no special abilities


You were on level 3 of the Dungeon.
You visited 1 branch of the dungeon, and saw 3 of its levels.

You collected 169 gold pieces.

Inventory:

Hand Weapons
 a - a +0 long sword (weapon)
Missiles
 d - a throwing net (quivered)
 e - a javelin
Armour
 b - a +0 leather armour (worn)
 c - a +0 helmet (worn)
Jewellery
 f - a ring of fire
 m - a ring of protection from fire (left hand)
 q - a +4 ring of evasion (right hand)
 r - an amulet of regeneration
Scrolls
 g - 2 scrolls of blinking
 o - a scroll of immolation
 v - a scroll of teleportation {unknown}
Potions
 h - a potion of resistance
 k - a potion of brilliance
 l - a potion of degeneration
 p - a potion of mutation
 s - a potion of flight {unknown}
 t - a potion of curing {unknown}
 u - a potion of magic {unknown}


   Skills:
 + Level 2.1 Fighting
 * Level 4.4 Long Blades
 + Level 2.0 Throwing
 + Level 0.4 Armour
 + Level 3.0 Dodging


You had 3 spell levels left.
You didn't know any spells.
Your spell library was empty.

Dungeon Overview and Level Annotations

Branches:
Dungeon (3/15)

Altars:
Makhleb

Shops:
D:1 ?


Innate Abilities, Weirdness & Mutations

You are partially covered in thin metallic scales. (AC +2)
Your demonic aura sometimes causes spilled blood to erupt in flames.


Message History

It was a scroll of blinking.
As you read the scroll labelled OLUTOG IFRYCW, it crumbles to dust.
It is a scroll of identify.
k - a potion of brilliance
As you read the scroll of identify, it crumbles to dust.
l - a potion of degeneration
As you read the scroll of identify, it crumbles to dust.
p - a potion of mutation
As you read the scroll labelled YROPSE CISMOGH, it crumbles to dust.
The air around you briefly surges with heat, but it dissipates.
It was a scroll of immolation.
There is a stone staircase leading down here.
You climb downwards.
There is a stone staircase leading up here.
As you read the scroll labelled ADYOGOB VIFAEDGH, it crumbles to dust.
Your body is wracked with pain!
The orc wizard convulses!
It was a scroll of torment.
You hit the orc wizard.
The orc wizard is severely wounded.
The orc wizard hits you with a +0 dagger.
You closely miss the orc wizard.
The orc wizard is severely wounded.
The orc wizard misses you.
The orc wizard hits you but does no damage.
You closely miss the orc wizard.
The orc wizard is severely wounded.
The orc wizard hits you but does no damage.
You hit the orc wizard.
You kill the orc wizard!
You hit the orc but do no damage.
The orc hits you with a +2 falchion of holy wrath.
You convulse.
You barely miss the orc. The orc barely misses you.
You closely miss the orc.
The orc hits you with a +2 falchion of holy wrath.
* * * LOW HITPOINT WARNING * * *
You convulse.
* * * LOW HITPOINT WARNING * * *
The orc hits you with a +2 falchion of holy wrath.
You die...

...(....# #.#
#.#...........# #
###.########.#
#.#...........####
#.....>....#
#.#...........'...
############
#.#...).......####
#.............# .
###.............# ..
###....############
...###### #...#o##
........####{###@#
....###(..##.########
.... ###o.o>........
.... ####..#######
#### #..# #....
#.###. #.. .. ... .


You could see an orc.

Vanquished Creatures
  Natasha (D:3)
  An orc wizard (D:3)
  An adder (D:2)
  A worm (D:2)
  A dart slug (D:1)
  An orc (D:2)
  5 endoplasms
  2 giant cockroaches
  4 goblins (D:1)
  4 hobgoblins
  3 quokkas
  4 ball pythons
  4 bats
  2 frilled lizards
  6 kobolds
  9 rats
49 creatures vanquished.

Notes
Turn   | Place    | Note
-------+----------+-------------------------------------------
     0 | D:1      | Adrian566 the Demonspawn Gladiator began the quest for the
                  | Orb.
     0 | D:1      | Reached XP level 1. HP: 16/16 MP: 1/1
   121 | D:1      | Gained mutation: You are partially covered in thin metallic
                  | scales. (AC +2) [demonic ancestry]
   121 | D:1      | Reached XP level 2. HP: 22/22 MP: 2/2
   163 | D:1      | Reached skill level 3 in Long Blades
   190 | D:1      | Found a faded altar of an unknown god.
   325 | D:1      | Found Koxtodulli's Magic Scroll Shoppe.
   573 | D:2      | Found a burning altar of Makhleb.
   615 | D:2      | Reached XP level 3. HP: 26/27 MP: 3/3
  1374 | D:3      | Noticed Natasha
  1387 | D:3      | Killed Natasha
  1388 | D:3      | Reached skill level 4 in Long Blades
  1388 | D:3      | Gained mutation: Your demonic aura sometimes causes spilled
                  | blood to erupt in flames. [demonic ancestry]
  1388 | D:3      | Reached XP level 4. HP: 33/33 MP: 4/4
  1599 | D:3      | HP: 1/33 [orc/+2 falchion of holy wrath (5)]
  1599 | D:3      | Slain by an orc

Illustrated notes

Levels and vault maps discovered:
D:1:      dreamdust_arrival_sigmund_warning, layout_rooms, serial_shops,
          nicolae_shop_behind_doors, hellmonk_ecumenical_altar_run_dry
D:2:      layout_rooms, basic_altar, minmay_surrounded
D:3:      layout_basic, uniq_terence, uniq_natasha

Skill      XL: |  1  2  3 |
---------------+----------+-----
Throwing       | 2 |  2.0
Long Blades    | 3 4 |  4.4
Dodging        | 3 |  3.0
Fighting       | |  2.1
Armour         | |  0.4

Action                   |  1- 3 |  4- 6 || total
-------------------------+-------+-------++-------
Melee: Long sword        |   133 |    15 ||   148
Throw: Throwing net      |     2 |     1 ||     3
  Use: Scroll            |       |     6 ||     6
       Potion            |       |     1 ||     1
Armor: Leather armour    |    63 |     6 ||    69
Dodge: Dodged            |   121 |    18 ||   139

Table legend: (Time is in decaauts)
 A = Elapsed time spent in this place.
 B = Non-inter-level travel time spent in this place.
 C = Inter-level travel time spent in this place.
 D = Time resting spent in this place.
 E = Time spent auto-exploring this place.
 F = Levels seen in this place.
 G = Mean time per level.
                   A        B        C        D        E       F      G
               +--------+--------+--------+--------+--------+-----+--------+
         Total |   1643 |   1575 |     68 |      0 |   1195 |   3 |  547.7 |
       Dungeon |   1643 |   1575 |     68 |      0 |   1195 |   3 |  547.7 |
               +--------+--------+--------+--------+--------+-----+--------+

Top non-repeatable levels by time:
     D:2: 704 daAuts
     D:1: 587 daAuts
     D:3: 351 daAuts
